AoeStats
← D0g_delacroix

Arena

505386873Analyzed
1v1 RM · 25d ago on Sep 9, 2026· 31m 55s· 2 players
Game mode
Random Map
Map size
Tiny (2 player)
Population
200
Speed
Normal
Resources
Standard
Victory
Conquest
Starting age
Dark Age
Ending age
Imperial Age
RankedLock teamsTeams togetherTeam positionsShared explorationLock speedFull tech treeHidden civsTurbo modeCheats
Victory
Defeat
🇲🇽 Japanese · Mexico
1050
+14
🇮🇳 Ethiopians · India
1000
-43
Yael090
9:31 Feudal Age
12:21 Wheelbarrow
14:54 Castle Age
20:08 Double-Bit Axe
20:11 Horse Collar
22:53 Gold Mining
24:24 Gold Shaft Mining
24:27 Scale Mail Armor
24:38 Forging
24:48 Bow Saw
24:51 Heavy Plow
25:41 Chain Mail Armor
26:32 Hand Cart
27:12 Town Watch
29:47 Iron Casting
29:02 Loom
29:18 Town Patrol
29:22 Fletching
31:02 Gambesons
31:17 Squires
31:03 Arson
D0g_delacroix
13:12 Feudal Age
15:16 Wheelbarrow
19:04 Double-Bit Axe
22:55 Stone Mining
24:23 Wheelbarrow
26:28 Castle Age
29:47 Gold Mining
30:35 Scale Mail Armor
Connection lost

Rejoining the realm…

Still unreachable

The connection could not be restored.

Session expired

The server has moved on; the page needs a fresh start.